 Dungeon Crawl Stone Soup version 0.29.1-12-g30fa7ad0bf (webtiles) character file.

Game seed: 9410298563286471323

127 FaviusArthum the Conjurer (level 4, -8/24 HPs)
             Began as a Deep Elf Conjurer on Jan 10, 2023.
             Mangled by a gnoll
             ... wielding a +0 flail
             ... led by a gnoll bouda
              (10 damage)
             ... on level 3 of the Dungeon.
             The game lasted 00:18:52 (5301 turns).

FaviusArthum the Conjurer (Deep Elf Conjurer)       Turns: 5301, Time: 00:18:53

Health: -8/24      AC:  3    Str:  4    XL:     4   Next: 85%
Magic:  11/12      EV: 12    Int: 25    God:
Gold:   120        SH:  0    Dex: 13    Spells: 2/11 levels left

rFire   . . .      SeeInvis .   u - +0 rapier
rCold   . . .      Faith    .   (no shield)
rNeg    . . .      Spirit   .   a - +0 robe
rPois   +          Reflect  .   o - +0 helmet
rElec   .          Harm     .   (no cloak)
rCorr   .          Rampage  .   (no gloves)
Will    +....                   (no boots)
Stlth   ++........              (no amulet)
HPRegen 0.08/turn               t - ring of willpower
MPRegen 0.13/turn               s - ring of poison resistance

@: weakened
A: no striking features
a: no special abilities


You were on level 3 of the Dungeon.
You visited 1 branch of the dungeon, and saw 4 of its levels.

You collected 120 gold pieces.

Inventory:

Hand Weapons
 e - a +0 short sword
 f - a +0 dagger
 u - a +0 rapier (weapon)
Missiles
 h - 5 poisoned darts
Armour
 a - a +0 robe (worn)
 n - a +1 ring mail of fire resistance
 o - a +0 helmet (worn)
Magical Staves
 g - a staff of conjuration
Jewellery
 m - a ring of protection from cold
 s - a ring of poison resistance (right hand)
 t - a ring of willpower (left hand)
Wands
 i - a wand of roots (9)
Scrolls
 c - 2 scrolls of teleportation
 d - 2 scrolls of fear
 j - 2 scrolls of blinking
 k - a scroll of vulnerability {unknown}
Potions
 b - a potion of magic
 l - 2 potions of heal wounds
 p - a potion of curing {unknown}
 q - a potion of might {unknown}
 r - a potion of invisibility {unknown}


   Skills:
 + Level 0.3 Fighting
 + Level 1.1 Staves
 + Level 2.8 Dodging
 + Level 2.8 Stealth
 + Level 4.0 Spellcasting
 + Level 5.8 Conjurations
 + Level 0.2 Air Magic


You had 2 spell levels left.
You knew the following spells:

 Your Spells              Type           Power      Damage    Failure   Level
a - Magic Dart            Conj           100%       1d8       1%          1
b - Searing Ray           Conj           68%        2d6       1%          2
c - Poisonous Vapours     Pois/Air       10%        N/A       13%         2
d - Fulminant Prism       Conj/Hex       9%         3d7       28%         4

Your spell library contained the following spells:

 Spells                   Type           Power      Damage    Failure   Level
 Sting                    Tmut/Pois      20%        1d4       9%          1
 Ensorcelled Hibernation  Hex/Ice        10%        N/A       14%         2
 Dazzling Flash           Conj/Hex       38%        N/A       9%          3
 Spider Form              Tmut/Pois      5%         N/A       26%         3
 Iskenderun's Mystic Bla  Conj/Tloc      19%        2d6       28%         4
 Anguish                  Hex/Necr       2%         N/A       65%         4
 Olgreb's Toxic Radiance  Pois           5%         N/A       65%         4


Dungeon Overview and Level Annotations

Branches:
Dungeon (4/15)
 Temple: D:4-7

Altars:
Kikubaaqudgha


Message History

Aiming: Magic Dart (safe; 1% risk of failure)
Press: ? - help, Shift-Dir - straight line, f/p - adder
Aim: an adder (almost dead, 100% to hit)
The magic dart hits the adder.
You kill the adder!
You start resting.
Magic restored.
You start resting.
HP restored.
You start waiting.
Done waiting.
There is an open door here.
There is an open door here.
There is an open door here.
There is an open door here.
There is an open door here.
There is a stone staircase leading down here.
You climb downwards.
The gnoll bouda barks out a call to the hunt!
The gnolls pick up the pace!
The gnoll shouts! x2
There is a stone staircase leading up here.
Casting: Magic Dart (safe; 1% risk of failure)
Confirm with . or Enter, or press ? or * to list all spells.
Aiming: Magic Dart (safe; 1% risk of failure)
Press: ? - help, Shift-Dir - straight line, f - gnoll
Aim: a gnoll, wielding a +0 flail (covering ground quickly, 100% to hit)
The magic dart hits the gnoll but does no damage.
The gnoll shouts!
The gnoll bouda gazes fiercely through you!
You feel your attacks grow feeble. The gnoll closely misses you.
The gnoll hits you with a +0 flail! The gnoll closely misses you.
The gnoll hits you from afar with a +0 halberd!
Ouch! That really hurt!
* * * LOW HITPOINT WARNING * * *
You climb upwards.
There is a stone staircase leading down here.
The gnoll attacks as you move away! The gnoll hits you with a +0 flail!
You die...

#.######## ####.##<# #....##.#
####### ####### #....##.# #.....#
#.....####....##.#####
#.....###.###.#...............
#........(..#.#.#####.######.#
#.....###.#.#.g.# #.# #.# #.....#
#.#.#@#######.### #.#
###'#####.#.#gg....##...# #..
#.....#.#.######.####.# ###
##########.#.#.# #.# #.#
...........#.#.# #.## #.#
############.#.######..###.######
####.#...................#.......
#....#.#####...########..########
#.##.#.# ##### #.#.###.....


You could see 3 gnolls.

Vanquished Creatures
  7 adders
  3 worms (D:2)
  A dart slug (D:4)
  An orc (D:4)
  3 ball pythons
  11 bats
  2 endoplasms (D:2)
  A giant cockroach (D:1)
  3 goblins
  8 hobgoblins
  5 kobolds
  4 quokkas
  3 frilled lizards
  3 rats
55 creatures vanquished.

Notes
Turn   | Place    | Note
-------+----------+-------------------------------------------
     0 | D:1      | FaviusArthum the Deep Elf Conjurer began the quest for the
                  | Orb.
     0 | D:1      | Reached XP level 1. HP: 10/10 MP: 6/6
   280 | D:1      | Reached XP level 2. HP: 11/15 MP: 4/8
   472 | D:1      | Found a faded altar of an unknown god.
   548 | D:1      | Reached skill level 5 in Conjurations
  1009 | D:1      | Learned a level 2 spell: Searing Ray
  1012 | D:1      | Learned a level 2 spell: Poisonous Vapours
  1493 | D:2      | Reached XP level 3. HP: 16/19 MP: 0/9
  2455 | D:2      | Reached XP level 4. HP: 24/24 MP: 6/11
  2460 | D:2      | Learned a level 4 spell: Fulminant Prism
  3545 | D:3      | Reached skill level 1 in Staves
  3724 | D:3      | Found an ancient bone altar of Kikubaaqudgha.
  5301 | D:3      | Mangled by a gnoll

Illustrated notes

Levels and vault maps discovered:
D:1:      kennysheep_arrival_forest, layout_basic,
          hellmonk_ecumenical_altar_crossroads
D:2:      layout_loops_cross, minmay_circle_x
D:3:      layout_basic, nicolae_overflow_hidden_temple, corexii_shack
D:4:      layout_cave_pools, nicolae_overflows_in_rows

Skill      XL: |  1  2  3  4 |
---------------+-------------+-----
Conjurations   | 5 |  5.8
Staves         | 1 |  1.1
Spellcasting   | 4 |  4.0
Fighting       | |  0.3
Dodging        | |  2.8
Stealth        | |  2.8
Air Magic      | |  0.2

Action                   |  1- 3 |  4- 6 || total
-------------------------+-------+-------++-------
Melee: Staff             |    21 |     5 ||    26
 Cast: Magic Dart        |    44 |     9 ||    53
       Searing Ray       |    20 |    17 ||    37
       Poisonous Vapours |       |     1 ||     1
  Use: Scroll            |       |     6 ||     6
Armor: Robe              |     7 |     2 ||     9
Dodge: Dodged            |    24 |     8 ||    32
